 Dungeon Crawl Stone Soup version 0.27-a0-46-g34d46f0a3f (webtiles) character file.

Game seed: 16027218657152708898

19588 loralnil the Martial Artist (level 12, -3/92 HPs)
             Began as a Gnoll Transmuter on Jan 6, 2021.
             Was the Champion of Okawaru.
             Slain by Kirke (12 damage)
             ... on level 12 of the Dungeon.
             The game lasted 00:26:47 (15511 turns).

loralnil the Martial Artist (Gnoll Transmuter)     Turns: 15511, Time: 00:26:48

Health: -3/92      AC:  0    Str: 15    XL:     12   Next: 70%
Magic:  24/25      EV: 26    Int: 17    God:    Okawaru [******]
Gold:   700        SH:  0    Dex: 17    Spells: 14/29 levels left

rFire    . . .     SeeInvis .     - Unarmed
rCold    . . .     Faith    +   (shield currently unavailable)
rNeg     . . .     Spirit   .   (armour currently unavailable)
rPois    .         Reflect  .   (helmet currently unavailable)
rElec    .         Harm     .   (cloak currently unavailable)
rCorr    .         Rampage  .   (gloves currently unavailable)
Will     .....                  (boots currently unavailable)
Stlth    +++++.....             L - amulet of faith
HPRegen  0.25/turn              (ring currently unavailable)
MPRegen  0.19/turn              (ring currently unavailable)

@: mighty, pig-form, heroism, very quick
A: small, distributed training, strong nose
a: Renounce Religion, Heroism, Finesse


You were on level 12 of the Dungeon.
You worshipped Okawaru.
Okawaru was exalted by your worship.
You were a filthy swine.
You visited 1 branch of the dungeon, and saw 12 of its levels.
You visited the Abyss 1 time.
You also visited: Sewer.

You collected 700 gold pieces.

Inventory:

Hand Weapons
 p - the +6 hand crossbow "Conservator" (melded) {flame, Will+}
   (You found it on level 2 of the Abyss)

   It causes projectiles fired from it to burn those they strike, causing extra
   injury to most foes and up to half again as much damage against particularly
   susceptible opponents.
   It affects your willpower, your defense against some magical effects.
 D - a +6 battleaxe
 K - a +4 scimitar of flaming
Missiles
 r - 55 bolts
Armour
 c - the +2 helmet of the Bard (melded) {*Corrode +Fly MP+9}
   (You took it off Robin on level 3 of the Dungeon)

   It affects your magic capacity (+9).
   It lets you fly.
   It may corrode you when you take damage.
 o - a +0 cloak (melded)
 A - a +1 robe of positive energy (melded)
 M - a +0 pair of gloves (melded)
 N - a +1 pair of boots (melded)
Jewellery
 f - a ring of see invisible (melded)
 l - an uncursed ring of poison resistance
 n - a +4 ring of evasion (melded)
 L - an amulet of faith (around neck)
Wands
 w - a wand of flame (56)
 y - a wand of enslavement (7)
 B - a wand of iceblast (11)
 E - a wand of paralysis (9)
 G - a wand of digging (17)
Scrolls
 a - a scroll of brand weapon {unknown}
 b - 4 scrolls of magic mapping
 e - 2 scrolls of remove curse
 g - 2 scrolls of fear
 i - 10 scrolls of teleportation
 k - 2 scrolls of vulnerability
 q - 5 scrolls of amnesia {unknown}
 s - 2 scrolls of blinking
 t - 2 scrolls of noise {unknown}
 v - 9 scrolls of immolation
 x - 4 scrolls of fog
 z - 2 scrolls of enchant weapon {unknown}
 F - 2 scrolls of enchant armour {unknown}
 I - a scroll of summoning {unknown}
Potions
 h - a potion of lignification
 j - 5 potions of flight
 m - 4 potions of curing
 u - a potion of brilliance
 H - 2 potions of magic {unknown}
 J - a potion of mutation {unknown}
 O - a potion of invisibility {unknown}


   Skills:
 + Level 8.0(13.0) Fighting
 + Level 7.5(12.5) Short Blades
 + Level 7.5(12.5) Long Blades
 + Level 7.5(12.5) Axes
 + Level 7.5(12.5) Maces & Flails
 + Level 7.5(12.5) Polearms
 + Level 7.5(12.5) Staves
 + Level 7.5(12.5) Slings
 + Level 7.5(12.5) Bows
 + Level 7.5(12.5) Crossbows
 + Level 7.5(12.5) Throwing
 + Level 7.5(12.5) Armour
 + Level 8.9(13.9) Dodging
 + Level 7.5(12.5) Stealth
 + Level 7.5(12.5) Shields
 + Level 10.0(15.0) Unarmed Combat
 + Level 9.1 Spellcasting
 + Level 6.2 Conjurations
 + Level 6.2 Hexes
 + Level 6.2 Summonings
 + Level 6.2 Necromancy
 + Level 6.2 Translocations
 + Level 7.4 Transmutations
 + Level 6.2 Fire Magic
 + Level 6.2 Ice Magic
 + Level 6.2 Air Magic
 + Level 6.2 Earth Magic
 + Level 6.2 Poison Magic
 + Level 8.2 Invocations
 + Level 7.5 Evocations


You had 14 spell levels left.
You knew the following spells:

 Your Spells              Type           Power        Failure   Level
a - Beastly Appendage     Tmut           66%          1%          1
b - Wereblood             Tmut           33%          1%          2
c - Spider Form           Tmut/Pois      15%          1%          3
d - Ice Form              Ice/Tmut       31%          5%          4
e - Blade Hands           Tmut           16%          12%         5

Your spell library contained the following spells:

 Spells                   Type           Power        Failure   Level
 Animate Skeleton         Necr           58%          1%          1
 Apportation              Tloc           58%          1%          1
 Corona                   Hex            32%          1%          1
 Magic Dart               Conj           100%         1%          1
 Pain                     Necr           100%         1%          1
 Summon Small Mammal      Summ           100%         1%          1
 Blink                    Tloc           N/A          1%          2
 Call Imp                 Summ           29%          1%          2
 Slow                     Hex            29%          1%          2
 Conjure Flame            Conj/Fire      29%          2%          3
 Mephitic Cloud           Conj/Pois/Air  29%          2%          3
 Vampiric Draining        Necr           14%          2%          3
 Animate Dead             Necr           14%          7%          4
 Agony                    Necr           29%          21%         5


Dungeon Overview and Level Annotations

Branches:
Dungeon (12/15)            Temple (0/1) D:7            Lair (0/6) D:8
    Orc (0/2) D:10          Sewer (visited)

Altars:
Ashenzari
Cheibriados
Dithmenos
Elyvilon
Gozag
Nemelex Xobeh
Okawaru
Qazlal
Ru
Trog
Uskayaw
Vehumet
Wu Jian
Yredelemnul
Zin
Beogh

Shops:
D:4 [

Annotations:
D:8 2 transporters, exclusion: ice statue, funkygono's ghost, novice DrAE
D:12 Kirke


Innate Abilities, Weirdness & Mutations

Your experience applies equally to all skills.
((You have very sharp teeth.))
Your uncanny sense of smell can sniff out nearby items.


Message History

You closely miss Kirke.
Kirke is heavily wounded.
You bite Kirke!
Kirke is severely wounded.
Kirke points at you and mumbles some strange words.
You struggle to resist.
The hog squeals angrily.
You bite Kirke!
Kirke is severely wounded.
Kirke casts a spell at herself.
Kirke flickers and vanishes!
Deactivating autopickup; reactivate with Ctrl-A.
You barely miss something. Something hits you!
* * * LOW HITPOINT WARNING * * *
You barely miss something. You bite something!
You hear some strange, mumbled words.
Something summons a manticore!
You barely miss something. Something hits you!
You die...

#.# ### ### #.# #### ### (.
#.# #.. ..# # #.######### #.#
#.#######
#....))...######.#####.##hh..h
#########.#..?.....)##.##.####
#.#>####.##.##.##.#
###.#.####F##.##.##.#
#.....Hh{hkh.....##.#
#.#.#.#####h#.#####H# #.#.#.#
#.#.# #.# # #.#.# #.#.# #.#
#.#.# #.#{# #.# #.#.# #.#†#
#.# #.#.# #.#H#####.# #...#
#.#.......# ##### #########


You could see a manticore (summoned), a lindwurm (summoned), 2 hogs, a black
bear and a bullfrog.

Vanquished Creatures
  Gastronok (D:8)
  Erolcha (D:10)
  Harold (D:9)
  A hydra (D:12)
  Erica (D:9)
  A two-headed ogre (D:9)
  Sonja (D:11)
  Pikel (D:6)
  3 cyclopes (D:12)
  2 ugly things (D:11)
  An ancient zyme (Abyss:2)
  A troll (D:10)
  5 hornets
  4 slime creatures (D:12)
  Sigmund (D:5)
  5 wyverns
  A hog (D:12)
  12 yaks
  Menkaure (D:6)
  6 water moccasins
  2 orc warriors
  2 ice beasts
  A black bear (D:11)
  4 sky beasts
  3 phantoms
  11 centaurs
  7 ogres
  A lemure (D:6)
  11 bullfrogs
  4 scorpions
  8 killer bees (D:9)
  12 wights
  2 howler monkeys
  A centaur zombie (D:7)
  A quasit (D:10)
  5 centaur skeletons
  8 jellies
  Crazy Yiuf (D:6)
  5 hounds
  A bullfrog skeleton (D:4)
  7 orc priests
  Jessica (D:3)
  3 iguanas
  9 orc wizards
  Natasha (thrice) (D:3)
  7 worker ants
  A hound skeleton (D:4)
  Robin (D:3)
  A howler monkey skeleton (D:11)
  19 adders
  3 shadow imps
  4 white imps
  9 oozes
  An adder zombie (D:9)
  3 worms
  5 dart slugs
  2 leopard geckos
  46 orcs
  7 giant cockroaches
  12 goblins
  8 hobgoblins
  13 jackals
  6 quokkas
  A ball python (D:1)
  4 bats
  11 frilled lizards
  16 kobolds
  A leopard gecko skeleton (D:4)
  A quokka skeleton (D:9)
  9 rats
354 creatures vanquished.

Vanquished Creatures (others)
  5 fungi
  21 plants (D:8)
  10 toadstools (D:3)
36 creatures vanquished.

Grand Total: 390 creatures vanquished

Notes
Turn   | Place    | Note
-------+----------+-------------------------------------------
     0 | D:1      | loralnil the Gnoll Transmuter began the quest for the Orb.
     0 | D:1      | Reached XP level 1. HP: 17/17 MP: 6/6
   309 | D:1      | Reached XP level 2. HP: 20/23 MP: 5/7
  1304 | D:2      | Found a glowing silver altar of Zin.
  1459 | D:2      | Found a radiant altar of Vehumet.
  1459 | D:2      | Found an iron altar of Okawaru.
  1463 | D:2      | Became a worshipper of Warmaster Okawaru
  1481 | D:2      | Found an opulent altar of Gozag.
  1498 | D:2      | Reached XP level 3. HP: 28/28 MP: 7/9
  1501 | D:2      | Learned a level 2 spell: Wereblood
  1531 | D:2      | Reached skill level 5 in Spellcasting
  1536 | D:2      | Learned a level 3 spell: Spider Form
  1547 | D:2      | Found an ornate altar of the Wu Jian Council.
  1803 | D:2      | Reached skill level 1 in Invocations
  2195 | D:2      | Reached skill level 1 in Short Blades
  2195 | D:2      | Reached skill level 1 in Long Blades
  2195 | D:2      | Reached skill level 1 in Axes
  2195 | D:2      | Reached skill level 1 in Maces & Flails
  2195 | D:2      | Reached skill level 1 in Polearms
  2195 | D:2      | Reached skill level 1 in Staves
  2195 | D:2      | Reached skill level 1 in Slings
  2195 | D:2      | Reached skill level 1 in Bows
  2195 | D:2      | Reached skill level 1 in Crossbows
  2195 | D:2      | Reached skill level 1 in Throwing
  2195 | D:2      | Reached skill level 1 in Armour
  2195 | D:2      | Reached skill level 1 in Stealth
  2195 | D:2      | Reached skill level 1 in Shields
  2195 | D:2      | Reached skill level 1 in Evocations
  2305 | D:3      | Found a glowing drain.
  2331 | D:3      | Reached XP level 4. HP: 26/34 MP: 9/11
  2344 | Sewer    | Entered a sewer
  2484 | Sewer    | Noticed a water moccasin
  2496 | Sewer    | Killed a water moccasin
  2496 | Sewer    | Reached * piety under Okawaru
  2497 | Sewer    | Reached skill level 1 in Conjurations
  2497 | Sewer    | Reached skill level 1 in Hexes
  2497 | Sewer    | Reached skill level 1 in Summonings
  2497 | Sewer    | Reached skill level 1 in Necromancy
  2497 | Sewer    | Reached skill level 1 in Translocations
  2497 | Sewer    | Reached skill level 1 in Fire Magic
  2497 | Sewer    | Reached skill level 1 in Ice Magic
  2497 | Sewer    | Reached skill level 1 in Air Magic
  2497 | Sewer    | Reached skill level 1 in Earth Magic
  2497 | Sewer    | Reached skill level 1 in Poison Magic
  2497 | Sewer    | Reached XP level 5. HP: 34/41 MP: 12/12
  2901 | D:3      | Found a white marble altar of Elyvilon.
  2930 | D:3      | Identified the +2 helmet of the Bard {*Corrode +Fly MP+9}
  2930 | D:3      | Noticed Robin
  2941 | D:3      | Reached XP level 6. HP: 41/47 MP: 9/13
  2950 | D:3      | Cast into level 1 of the Abyss (Robin)
  2980 | Abyss:1  | Noticed a spatial maelstrom
  2983 | Abyss:1  | Noticed a spatial vortex
  3060 | Abyss:2  | Got an ivory hand crossbow
  3075 | Abyss:2  | Noticed an ancient zyme
  3094 | Abyss:2  | Killed an ancient zyme
  3095 | Abyss:2  | Reached skill level 5 in Dodging
  3095 | Abyss:2  | Reached XP level 7. HP: 39/52 MP: 6/15
  3097 | D:3      | Escaped the Abyss
  3107 | D:3      | Killed Robin
  3186 | D:3      | Identified the +6 hand crossbow "Conservator" {flame,
                  | Will+} (You found it on level 2 of the Abyss)
  3249 | D:3      | Noticed Natasha
  3252 | D:3      | Killed Natasha
  3253 | D:3      | Reached skill level 7 in Unarmed Combat
  3473 | D:3      | Noticed Natasha
  3488 | D:3      | Killed Natasha
  3513 | D:3      | Noticed Natasha
  3518 | D:3      | Killed Natasha
  3594 | D:3      | Noticed Jessica
  3603 | D:3      | Killed Jessica
  3777 | D:3      | Reached ** piety under Okawaru
  4237 | D:4      | Reached XP level 8. HP: 60/60 MP: 9/16
  4409 | D:4      | Found Qododuh's Antique Armour Shop.
  4478 | D:4      | Found a sacrificial altar of Ru.
  4558 | D:4      | Learned a level 4 spell: Ice Form
  4659 | D:4      | Found a snail-covered altar of Cheibriados.
  4804 | D:4      | You fall into a shaft and drop 3 floors!
  5338 | D:6      | Reached *** piety under Okawaru
  5442 | D:5      | Entered Level 5 of the Dungeon
  5480 | D:5      | Noticed Sigmund
  5496 | D:6      | Reached skill level 5 in Transmutations
  5496 | D:6      | Reached XP level 9. HP: 24/66 MP: 18/18
  5732 | D:6      | Received a gift from Okawaru
  5752 | D:5      | Killed Sigmund
  5980 | D:5      | Found a bloodstained altar of Trog.
  6025 | D:5      | Found a stormy altar of Qazlal.
  6394 | D:5      | Reached skill level 5 in Fighting
  7194 | D:6      | Noticed Pikel
  7206 | D:6      | Killed Pikel
  7206 | D:6      | Reached **** piety under Okawaru
  7206 | D:6      | Received a gift from Okawaru
  7207 | D:6      | Reached skill level 8 in Unarmed Combat
  7207 | D:6      | Reached skill level 5 in Invocations
  7373 | D:6      | Noticed Menkaure
  7375 | D:6      | Killed Menkaure
  7411 | D:6      | Reached XP level 10. HP: 74/74 MP: 20/20
  7775 | D:6      | Found a runed translucent door.
  7776 | D:6      | Noticed Crazy Yiuf
  8012 | D:6      | Killed Crazy Yiuf
  8013 | D:6      | Reached skill level 5 in Short Blades
  8013 | D:6      | Reached skill level 5 in Long Blades
  8013 | D:6      | Reached skill level 5 in Axes
  8013 | D:6      | Reached skill level 5 in Maces & Flails
  8013 | D:6      | Reached skill level 5 in Polearms
  8013 | D:6      | Reached skill level 5 in Staves
  8013 | D:6      | Reached skill level 5 in Slings
  8013 | D:6      | Reached skill level 5 in Bows
  8013 | D:6      | Reached skill level 5 in Crossbows
  8013 | D:6      | Reached skill level 5 in Throwing
  8013 | D:6      | Reached skill level 5 in Armour
  8013 | D:6      | Reached skill level 5 in Stealth
  8013 | D:6      | Reached skill level 5 in Shields
  8013 | D:6      | Reached skill level 5 in Evocations
  8641 | D:7      | Found a staircase to the Ecumenical Temple.
  9036 | D:8      | Found a transporter.
  9040 | D:8      | Noticed Gastronok
  9059 | D:8      | Killed Gastronok
  9059 | D:8      | Reached ***** piety under Okawaru
  9066 | D:8      | Noticed an ice statue
  9073 | D:8      | Noticed a centaur warrior
  9077 | D:8      | Noticed funkygono's ghost (novice DrAE)
  9196 | D:8      | Reached XP level 11. HP: 70/83 MP: 19/22
  9196 | D:8      | Received a gift from Okawaru
  9221 | D:8      | Reached skill level 9 in Unarmed Combat
  9240 | D:8      | Reached skill level 5 in Conjurations
  9240 | D:8      | Reached skill level 5 in Hexes
  9240 | D:8      | Reached skill level 5 in Summonings
  9240 | D:8      | Reached skill level 5 in Necromancy
  9240 | D:8      | Reached skill level 5 in Translocations
  9240 | D:8      | Reached skill level 5 in Fire Magic
  9240 | D:8      | Reached skill level 5 in Ice Magic
  9240 | D:8      | Reached skill level 5 in Air Magic
  9240 | D:8      | Reached skill level 5 in Earth Magic
  9240 | D:8      | Reached skill level 5 in Poison Magic
  9543 | D:8      | Found a staircase to the Lair.
  9630 | D:8      | Found a basalt altar of Yredelemnul.
  9860 | D:8      | Found a transporter.
 10173 | D:9      | Noticed Erica
 10183 | D:9      | Killed Erica
 10415 | D:9      | Found a shadowy altar of Dithmenos.
 10415 | D:9      | Found a sparkling altar of Nemelex Xobeh.
 10488 | D:9      | Found a hide-covered altar of Uskayaw.
 10488 | D:9      | Noticed a +0 hand axe
 10488 | D:9      | Noticed a +0 dagger
 10622 | D:9      | Found an opulent altar of Gozag.
 10805 | D:9      | Noticed Harold
 10818 | D:9      | Killed Harold
 10994 | D:9      | Noticed a two-headed ogre
 10999 | D:9      | Killed a two-headed ogre
 11092 | D:9      | Received a gift from Okawaru
 11417 | D:10     | Entered Level 10 of the Dungeon
 11605 | D:10     | Found a broken altar of Ashenzari.
 11612 | D:10     | Found a staircase to the Orcish Mines.
 11617 | D:10     | Noticed Erolcha
 11653 | D:10     | Killed Erolcha
 11989 | D:10     | Reached ****** piety under Okawaru
 12000 | D:10     | Found a roughly hewn altar of Beogh.
 13032 | D:10     | Reached XP level 12. HP: 91/91 MP: 24/24
 13965 | D:11     | Noticed Sonja
 13970 | D:11     | Killed Sonja
 13970 | D:11     | Received a gift from Okawaru
 14467 | D:12     | Learned a level 5 spell: Blade Hands
 14738 | D:12     | Noticed an eight-headed hydra
 14745 | D:12     | Killed an eight-headed hydra
 15213 | D:12     | Reached skill level 10 in Unarmed Combat
 15443 | D:12     | Noticed Kirke
 15466 | D:12     | Noticed a sphinx
 15511 | D:12     | Slain by Kirke

Illustrated notes

Levels and vault maps discovered:
D:1:      scummos_arrival_hexagon, layout_loops_corners, serial_aquarium,
          aquarium_bridge_square [aquarium_subvault_wall,
          aquarium_subvault_balcony, aquarium_subvault_wall,
          aquarium_subvault_bridge], aquarium_bridge_straight
          [aquarium_subvault_bridge, aquarium_subvault_window,
          aquarium_subvault_bridge, aquarium_subvault_window],
          aquarium_window_corridor_3, aquarium_window_corner, aquarium_view_2d,
          aquarium_balcony_1a, chequers_serial_rivers_small_a
D:2:      layout_loops_ring, nzn_wu_jian_contemplation,
          nicolae_overflow_crystal_walls, grunt_gozag_statues,
          gammafunk_temple_overflow_wave, grunt_decor_fettered
D:3:      cheibrodos_fertilizer, layout_basic, elyvilon_altar_5,
          gup_sewer_entry_glass, uniq_robin, uniq_natasha, uniq_jessica
D:4:      layout_loops_ring, kennysheep_slug_shrine, nicolae_ru_path_of_blood,
          serial_shops, kennysheep_mini_moat
D:5:      minmay_evil_eye, layout_rooms, grunt_qazlal_clouds,
          lemuel_doored_altar, uniq_sigmund
D:6:      layout_gridville, uniq_crazy_yiuf_cottage, uniq_menkaure, uniq_pikel
D:7:      layout_cave_pods, minmay_temple_entry_ruins
D:8:      layout_loops_cross, lemuel_coloured_pillars_altar,
          minmay_lair_entry_grove, nzn_ghost_randoct, uniq_gastronok
D:9:      layout_irregular_city, dancing_weapons_uskayaw,
          gammafunk_temple_overflow_elements, basic_altar, uniq_harold,
          uniq_erica
D:10:     layout_grid_maze, minmay_orc_entry_temple_small, basic_altar,
          serial_park_tiny_2, nicolae_wand_duel, minmay_misc_feat_five,
          hangedman_decor_opposing, amcnicky_mini_corridor_feature,
          hangedman_abyss_or_decor_passed, uniq_erolcha
D:11:     layout_roguey, uniq_sonja
D:12:     layout_loops_ring, uniq_psyche, uniq_kirke, uniq_rupert, uniq_urug

Skill      XL: |  1  2  3  4  5  6  7  8  9 10 11 12 |
---------------+-------------------------------------+-----
Spellcasting   | 5 6 7 8 9 |  9.1
Invocations    | 1 2 3 4 5 6 7 8 |  8.2
Short Blades   | 1 2 3 4 5 6 7 |  7.5
Long Blades    | 1 2 3 4 5 6 7 |  7.5
Axes           | 1 2 3 4 5 6 7 |  7.5
Maces & Flails | 1 2 3 4 5 6 7 |  7.5
Polearms       | 1 2 3 4 5 6 7 |  7.5
Staves         | 1 2 3 4 5 6 7 |  7.5
Slings         | 1 2 3 4 5 6 7 |  7.5
Bows           | 1 2 3 4 5 6 7 |  7.5
Crossbows      | 1 2 3 4 5 6 7 |  7.5
Throwing       | 1 2 3 4 5 6 7 |  7.5
Armour         | 1 2 3 4 5 6 7 |  7.5
Stealth        | 1 2 3 4 5 6 7 |  7.5
Shields        | 1 2 3 4 5 6 7 |  7.5
Evocations     | 1 2 3 4 5 6 7 |  7.5
Fighting       | 3 4 5 6 7 8 |  8.0
Conjurations   | 1 2 3 4 5 6 |  6.2
Hexes          | 1 2 3 4 5 6 |  6.2
Summonings     | 1 2 3 4 5 6 |  6.2
Necromancy     | 1 2 3 4 5 6 |  6.2
Translocations | 1 2 3 4 5 6 |  6.2
Transmutations | 4 5 6 7 |  7.4
Fire Magic     | 1 2 3 4 5 6 |  6.2
Ice Magic      | 1 2 3 4 5 6 |  6.2
Air Magic      | 1 2 3 4 5 6 |  6.2
Earth Magic    | 1 2 3 4 5 6 |  6.2
Poison Magic   | 1 2 3 4 5 6 |  6.2
Dodging        | 5 6 7 8 |  8.9
Unarmed Combat | 7 8 9 10 | 10.0

Action                   |  1- 3 |  4- 6 |  7- 9 | 10-12 || total
-------------------------+-------+-------+-------+-------++-------
Melee: Unarmed           |    76 |    60 |   223 |   377 ||   736
       Headbutt          |     9 |     6 |     5 |       ||    20
       Kick              |    17 |    13 |     6 |       ||    36
       Bite              |     5 |     1 |     4 |     2 ||    12
       Punch             |     1 |     1 |     1 |       ||     3
       Hand crossbow     |       |       |     1 |       ||     1
 Fire: Hand crossbow     |       |       |   114 |   175 ||   289
 Cast: Beastly Appendage |    27 |    10 |     8 |       ||    45
       Spider Form       |       |     2 |    28 |    24 ||    54
       Ice Form          |       |       |     1 |    18 ||    19
       Blade Hands       |       |       |       |     2 ||     2
Invok: Heroism           |       |       |     1 |     3 ||     4
 Abil: Evoke Flight      |       |       |     1 |       ||     1
  Use: Scroll            |     6 |     2 |     1 |     7 ||    16
       Potion            |       |     2 |       |     5 ||     7
 Stab: Sleeping          |     1 |       |     1 |     1 ||     3
       Distracted        |       |       |     1 |       ||     1
Armor: Robe              |     6 |     4 |     4 |     3 ||    17
       Skin              |       |     1 |     5 |    24 ||    30
Dodge: Dodged            |    57 |    49 |   234 |   314 ||   654

Table legend: (Time is in decaauts)
 A = Elapsed time spent in this place.
 B = Non-inter-level travel time spent in this place.
 C = Inter-level travel time spent in this place.
 D = Time resting spent in this place.
 E = Time spent auto-exploring this place.
 F = Levels seen in this place.
 G = Mean time per level.
                   A        B        C        D        E       F      G
               +--------+--------+--------+--------+--------+-----+--------+
         Total |  15491 |  15150 |    341 |    417 |  12296 |  15 | 1032.7 |
       Dungeon |  15083 |  14742 |    341 |    417 |  12014 |  12 | 1256.9 |
         Abyss |    146 |    146 |      0 |      0 |     71 |   2 |   73.0 |
         Sewer |    261 |    261 |      0 |      0 |    211 |   1 |  261.0 |
               +--------+--------+--------+--------+--------+-----+--------+

Top non-repeatable levels by time:
    D:10: 1956 daAuts
     D:3: 1439 daAuts
     D:6: 1428 daAuts
     D:9: 1332 daAuts
     D:7: 1330 daAuts
    D:12: 1263 daAuts
     D:2: 1162 daAuts
     D:8: 1121 daAuts
     D:4: 1117 daAuts
     D:1: 1096 daAuts
     D:5: 971 daAuts
    D:11: 863 daAuts
   Sewer: 261 daAuts
 Abyss:2: 110 daAuts
 Abyss:1: 35 daAuts
